AoeStats
← old f1sh

Fortress

509314178Analyzed
4v4 RM · 6d ago on Sep 26, 2026· 47m 47s· 8 players
Game mode
Random Map
Map size
Huge
Population
200
Speed
Normal
Resources
Standard
Victory
Conquest
Starting age
Dark Age
Ending age
Imperial Age
RankedLock teamsTeams togetherTeam positionsShared explorationLock speedFull tech treeHidden civsTurbo modeCheats
Victory
Defeat
🇨🇦 Japanese · Canada
1584
+15
🇹🇷 Magyars · Türkiye
1563
+15
🇺🇸 Sicilians · United States
1540
+16
🇺🇸 Romans · United States
1474
+19
🇨🇳 Teutons · China
1653
-21
🇨🇭 Mongols · Switzerland
1541
-16
🇨🇳 Burgundians · China
1502
-14
🇨🇳 Inca · China
1500
-14
old f1sh
7:35 Feudal Age
8:35 Double-Bit Axe
11:20 Castle Age
9:39 Horse Collar
15:03 Bow Saw
16:42 Heavy Plow
17:24 Wheelbarrow
16:43 Loom
19:31 Gold Mining
20:49 Hand Cart
21:50 Scale Barding Armor
21:55 Forging
21:46 Town Watch
22:54 Chain Barding Armor
22:55 Bloodlines
26:08 Imperial Age
25:08 Iron Casting
26:14 Cavalier
27:43 Plate Barding Armor
27:13 Heavy Scorpion
28:17 Heavy Plow
30:41 Siege Engineers
31:44 Chemistry
31:06 Fletching
31:45 Bodkin Arrow
32:16 Conscription
32:05 Paladin
34:14 Ironclad
34:30 Hoardings
34:19 Crenellations
34:58 Ballistics
34:49 Masonry
35:01 Caravan
42:39 Capped Ram
Zlap
8:02 Feudal Age
11:38 Castle Age
9:21 Horse Collar
9:45 Double-Bit Axe
11:51 Loom
12:49 Bow Saw
12:40 Heavy Plow
17:49 Wheelbarrow
18:45 Gold Mining
21:43 Hand Cart
25:23 Imperial Age
22:38 Town Watch
23:26 Fletching
23:36 Padded Archer Armor
24:29 Ballistics
24:21 Stone Mining
25:21 Leather Archer Armor
25:01 Bodkin Arrow
25:15 Thumb Ring
25:21 Bloodlines
25:12 Husbandry
26:17 Gold Shaft Mining
26:30 Parthian Tactics
26:31 Conscription
27:19 Chemistry
27:02 Bracer
27:03 Elite Mangudai
28:16 Siege Engineers
29:00 Murder Holes
29:43 Drill
30:09 Heavy Scorpion
31:06 Caravan
31:59 Hoardings
33:32 Onager
34:52 Scale Barding Armor
34:58 Forging
36:01 Siege Onager
37:18 Iron Casting
37:03 Chain Barding Armor
36:55 Masonry
36:47 Husbandry
36:08 Light Cavalry
36:43 Capped Ram
38:09 Siege Ram
39:15 Town Patrol
39:58 Nomads
40:22 Fortified Wall
47:35 Blast Furnace
46:41 Hussar
V我50%匡扶汉室
8:40 Feudal Age
9:54 Double-Bit Axe
12:17 Castle Age
10:08 Horse Collar
10:17 Double-Bit Axe
13:44 Bow Saw
13:35 Heavy Plow
16:44 Loom
36:24 Gold Mining
36:25 Stone Mining
39:09 Gold Shaft Mining
43:27 Imperial Age
43:30 Capped Ram
45:13 Siege Ram
45:47 Siege Ram
47:22 Fortified Wall
涅槃重生
5:31 Double-Bit Axe
5:30 Horse Collar
8:49 Feudal Age
8:21 Gold Mining
12:50 Castle Age
11:30 Bow Saw
11:22 Heavy Plow
13:27 Gold Shaft Mining
12:48 Stone Mining
14:48 Wheelbarrow
17:07 Loom
25:55 Imperial Age
24:06 Fortified Wall
24:33 Hand Cart
24:09 Town Watch
25:09 Padded Archer Armor
26:07 Leather Archer Armor
27:40 Chemistry
26:32 Fletching
27:30 Conscription
29:21 Ballistics
30:39 Town Patrol
31:02 Bodkin Arrow
37:09 Guilds
37:30 Coinage
37:00 Caravan
Benitto Burrito
8:47 Feudal Age
9:37 Horse Collar
12:32 Castle Age
10:57 Scale Mail Armor
10:44 Arson
10:51 Double-Bit Axe
18:39 Chain Mail Armor
18:30 Squires
19:44 Forging
21:01 Iron Casting
23:49 Heavy Plow
24:04 Bow Saw
28:27 Wheelbarrow
28:15 Town Watch
28:15 Loom
29:10 Fletching
29:26 Gold Mining
29:29 Stone Mining
33:10 Imperial Age
30:26 Pikeman
35:10 Bodkin Arrow
35:25 Guard Tower
36:01 Halberdier
36:55 Yasama
37:57 Siege Engineers
38:48 Bracer
39:19 Plate Mail Armor
40:21 Keep
39:32 Arrowslits
41:04 Kataparuto
40:57 Caravan
40:27 Capped Ram
42:14 Onager
44:39 Chemistry
43:59 Ballistics
43:20 Treadmill Crane
Thundernips, The Ultimate Gigolo
6:21 Feudal Age
9:54 Castle Age
8:10 Double-Bit Axe
8:21 Horse Collar
10:50 Bow Saw
11:44 Bow Saw
16:51 Wheelbarrow
21:45 Imperial Age
19:54 Heavy Plow
21:07 Hand Cart
21:41 Scale Barding Armor
22:52 Conscription
23:23 Elite Centurion
24:54 Chain Barding Armor
24:42 Gold Mining
25:19 Husbandry
25:58 Bloodlines
26:46 Plate Barding Armor
26:25 Forging
28:47 Comitatenses
29:33 Iron Casting
31:13 Blast Furnace
34:07 Loom
34:50 Guilds
34:56 Caravan
37:25 Coinage
39:41 Banking
41:27 Sappers
44:25 Town Watch
48:52 Gold Shaft Mining
YOGRANNYCANTSCRAP
7:21 Feudal Age
11:24 Castle Age
12:02 Double-Bit Axe
13:43 Horse Collar
18:50 Wheelbarrow
19:50 Bow Saw
25:15 Imperial Age
22:47 Gold Mining
23:19 Heavy Plow
23:07 Crossbowman
23:41 Fletching
23:52 Padded Archer Armor
25:08 Ballistics
25:05 Hand Cart
26:00 Bodkin Arrow
27:09 Chemistry
25:56 Loom
25:57 Town Watch
27:31 Bracer
27:47 Leather Archer Armor
27:35 Arbalester
28:27 Capped Ram
29:37 Siege Ram
38:09 Hauberk
37:44 Cavalier
38:35 Bloodlines
40:15 Crop Rotation
40:11 Scale Barding Armor
41:25 Chain Barding Armor
41:16 Forging
41:37 Husbandry
42:33 Iron Casting
42:52 Plate Barding Armor
45:45 Plate Barding Armor
47:10 Iron Casting
47:21 Caravan
Apep
9:15 Feudal Age
9:58 Horse Collar
10:13 Double-Bit Axe
12:57 Castle Age
14:13 Bow Saw
15:49 Wheelbarrow
17:57 Gold Mining
24:06 Imperial Age
21:20 Pikeman
22:32 Fletching
23:12 Hand Cart
22:42 Loom
23:26 Bodkin Arrow
24:22 Padded Archer Armor
25:21 Parthian Tactics
26:22 Chemistry
26:02 Bracer
26:32 Recurve Bow
27:20 Thumb Ring
27:52 Ballistics
28:36 Leather Archer Armor
29:13 Heavy Cavalry Archer
30:41 Husbandry
30:51 Bloodlines
32:21 Ring Archer Armor
32:19 Conscription
33:12 Coinage
37:43 Corvinian Army
Connection lost

Rejoining the realm…

Still unreachable

The connection could not be restored.

Session expired

The server has moved on; the page needs a fresh start.